 Dungeon Crawl Stone Soup version 0.28-a0-664-gc179e30c89 (webtiles) character file.

Game seed: 12557466811759708561

1803 lawman0 the Ruffian (level 8, -3/70 HPs)
             Began as a Troll Earth Elementalist on Oct 15, 2021.
             Was a Priest of Sif Muna.
             Killed from afar by an acid dragon (23 damage)
             ... with a splash of acid
             ... on level 8 of the Dungeon.
             The game lasted 00:10:31 (6570 turns).

lawman0 the Ruffian (Troll Earth Elementalist)      Turns: 6570, Time: 00:10:32

Health: -3/70      AC:  1    Str: 17    XL:     8   Next: 83%
Magic:  8/10       EV: 10    Int: 13    God:    Sif Muna [***...]
Gold:   335        SH:  0    Dex: 10    Spells: 6/12 levels left

rFire   . . .      SeeInvis .     - Unarmed
rCold   . . .      Faith    .   (no shield)
rNeg    . . .      Spirit   .   b - +0 robe
rPois   .          Reflect  .   i - +1 hat {Stlth+}
rElec   .          Harm     .   (no cloak)
rCorr   .          Rampage  .   (gloves unavailable)
Will    .....                   (boots unavailable)
Stlth   +++.......              (no amulet)
HPRegen 1.21/turn               (no ring)
MPRegen 0.12/turn               (no ring)

@: mighty, corroded, flying
A: large, unfitting armour, claws 3, regeneration 1, shaggy fur 1, tough skin 1
a: Renounce Religion, Channel Magic, Forget Spell


You were on level 8 of the Dungeon.
You worshipped Sif Muna.
Sif Muna was most pleased with you.
You visited 1 branch of the dungeon, and saw 8 of its levels.

You collected 335 gold pieces.

Inventory:

Missiles
 j - 5 atropa-tipped darts
 s - 5 javelins (quivered)
 t - 3 silver boomerangs
 u - 42 stones
Armour
 b - a +0 robe (worn)
 i - a +1 hat of stealth (worn)
Wands
 o - a wand of mindburst (14)
Scrolls
 a - 2 scrolls of magic mapping
 c - 2 scrolls of teleportation
 d - a scroll of immolation
 f - a scroll of brand weapon {unknown}
 g - a scroll of enchant armour {unknown}
 h - a scroll of fear
 k - 2 scrolls of identify {unknown}
 l - 2 scrolls of acquirement {unknown}
 p - a scroll of amnesia {unknown}
Potions
 e - a potion of resistance
 m - a potion of magic {unknown}
 n - a potion of heal wounds
 r - a potion of cancellation


   Skills:
 + Level 1.3 Fighting
 + Level 1.0 Throwing
 + Level 3.0 Dodging
 + Level 1.6 Stealth
 * Level 5.5 Unarmed Combat
 + Level 2.5 Spellcasting
 + Level 0.2 Conjurations
 * Level 3.0 Transmutations
 * Level 5.5 Earth Magic
 * Level 3.4 Invocations


You had 6 spell levels left.
You knew the following spells:

 Your Spells              Type           Power      Damage    Failure   Level
a - Sandblast             Erth           32%        2d9       2%          1
b - Passwall              Tmut/Erth      10%        N/A       6%          2
c - Stone Arrow           Conj/Erth      18%        3d8       22%         3

Your spell library contained the following spells:

 Spells                   Type           Power      Damage    Failure   Level
 Foxfire                  Conj/Fire      4%         2x1d4     22%         1
 Petrify                  Tmut/Erth      12%        N/A       38%         4
 Conjure Flame            Conj/Fire      1%         6-21      56%         3
 Inner Flame              Hex/Fire       1%         N/A       58%         3
 Flame Wave               Conj/Fire      1%         3d3       92%         4


Dungeon Overview and Level Annotations

Branches:
Dungeon (8/15)             Temple (0/1) D:6
   Lair: D:8-11

Altars:
Cheibriados
Gozag
Ru
Sif Muna
Yredelemnul

Shops:
D:7 =


Innate Abilities, Weirdness & Mutations

You are too large for most types of armour.
You have claws for hands.
Your natural rate of healing is unusually fast.
You are covered in fur. (AC +1)
You have tough skin. (AC +1)


Message History

Aim: a necrophage (79% to hit)
The blast of sand hits the necrophage!
The necrophage is heavily damaged.
u - 42 stones The acid dragon roars!
The necrophage hits you. The acid dragon spits acid at you.
The splash of acid hits you!! The acid corrodes you!
You scratch the necrophage.
The necrophage is heavily damaged.
Unknown command.
You barely miss the necrophage.
The necrophage is heavily damaged.
The necrophage hits you.
You feel drained. The necrophage closely misses you.
It was a potion of flight.
You feel very buoyant.
You fly up into the air.
The necrophage hits you!
It was a potion of might.
You feel very mighty all of a sudden. The necrophage hits you.
You mangle the necrophage!!
You destroy the necrophage!
Sif Muna accepts your kill.
Your life force feels restored.
Your Throwing skill increases to level 1!
Your Transmutations skill increases to level 3!
You see here a necrophage corpse.
You scratch the acid dragon.
The acid dragon is lightly wounded.
The acid dragon bites you. The acid dragon closely misses you.
You scratch the acid dragon.
The acid dragon is lightly wounded.
The acid dragon bites you! The acid dragon claws you.
* * * LOW HITPOINT WARNING * * *
You claw the acid dragon!
The acid dragon is heavily wounded.
The acid dragon spits acid at you. The splash of acid hits you!!
You die...

##.##.#.#.....#
#......<....#.#
#..##.#.#...#.## ###
##...#..#... ##..
##......... ...
####..###. ###
#.#########...###.
..###.............##.
#.#@#########...###.
#D## ##..###.
........# ##.#.(.
.##.##..# #.#.## #..#
#..... ...# ###.##
##... #.# ..!# #.#
...# #.#


You could see an acid dragon (catching breath).

Vanquished Creatures
  Grinder (D:3)
  Menkaure (D:6)
  An ice beast (D:5)
  A black bear (D:6)
  A necrophage (D:8)
  2 ogres
  2 centaurs (D:7)
  A phantom (D:4)
  2 bullfrogs
  A wyvern zombie (D:5)
  4 wights (D:7)
  2 jellies
  An orc priest (D:5)
  An iron imp (D:6)
  A bullfrog skeleton (D:6)
  2 centaur skeletons
  2 orc wizards
  A killer bee zombie (D:7)
  A hound skeleton (D:5)
  4 adders
  4 gnolls
  2 shadow imps
  An ufetubus (D:5)
  A worm (D:3)
  2 dart slugs
  14 orcs
  11 ball pythons
  3 bats
  6 endoplasms
  3 giant cockroaches
  5 hobgoblins
  3 jackals (D:1)
  7 quokkas
  5 frilled lizards
  6 goblins
  12 kobolds
  6 rats
123 creatures vanquished.

Notes
Turn   | Place    | Note
-------+----------+-------------------------------------------
     0 | D:1      | lawman0 the Troll Earth Elementalist began the quest for
                  | the Orb.
     0 | D:1      | Reached XP level 1. HP: 16/16 MP: 1/1
   115 | D:1      | Reached XP level 2. HP: 24/24 MP: 2/2
   328 | D:1      | Found a faded altar of an unknown god.
   426 | D:1      | Prayed at the altar of an unknown god.
   426 | D:1      | Became a worshipper of Sif Muna the Loreminder
   426 | D:1      | Reached * piety under Sif Muna
   427 | D:1      | ok sick
   759 | D:1      | Reached XP level 3. HP: 31/31 MP: 3/3
   871 | D:2      | Reached skill level 1 in Unarmed Combat
  1788 | D:3      | Reached skill level 1 in Transmutations
  1856 | D:3      | Noticed Grinder
  1878 | D:2      | Learned a level 2 spell: Passwall
  1928 | D:3      | Reached ** piety under Sif Muna
  1929 | D:3      | Reached XP level 4. HP: 38/39 MP: 3/5
  2427 | D:3      | Paralysed by Grinder for 4 turns
  2439 | D:3      | Killed Grinder
  2440 | D:3      | Reached skill level 1 in Invocations
  2440 | D:3      | Reached XP level 5. HP: 45/45 MP: 1/6
  2440 | D:3      | Reached XP level 6. HP: 53/53 MP: 1/7
  2448 | D:3      | Learned a level 3 spell: Stone Arrow
  3049 | D:4      | Found a sacrificial altar of Ru.
  3311 | D:4      | Found a basalt altar of Yredelemnul.
  3430 | D:5      | Entered Level 5 of the Dungeon
  3490 | D:5      | Noticed an ice beast
  3504 | D:5      | Killed an ice beast
  3520 | D:5      | Reached XP level 7. HP: 61/61 MP: 1/9
  3789 | D:6      | Noticed Menkaure
  4343 | D:6      | Killed Menkaure
  4343 | D:6      | Reached *** piety under Sif Muna
  4344 | D:6      | Reached skill level 5 in Earth Magic
  4454 | D:6      | Reached XP level 8. HP: 68/68 MP: 3/10
  4675 | D:6      | Found a snail-covered altar of Cheibriados.
  4814 | D:6      | Found an opulent altar of Gozag.
  5123 | D:6      | Reached skill level 1 in Fighting
  5238 | D:6      | Found a staircase to the Ecumenical Temple.
  5449 | D:7      | Found Wememot's Jewellery Emporium.
  5451 | D:7      | lol
  5716 | D:7      | Reached skill level 5 in Unarmed Combat
  6567 | D:8      | Reached skill level 1 in Throwing
  6570 | D:8      | Killed from afar by an acid dragon

Illustrated notes

#.# #..##########.#...#. #.#
#................#.# #.#
##.####.##......#... #.# #†#
#....#####.... #.# #.#
#.##..#....... #.# #.#
#>###..#...... #.#######
#.####.###..#....<.
#...†...##########...##..#.......
#######.#8......@###.#..#####....
#)#.......÷# #.........#...
#.....÷..÷.###.###..##..#.#
#..........#.............#.
###8÷...÷÷÷#######..####...
#.8.8.8.## #..# #### #########
#..# #..####### #.........


Turn 427 on D:1: ok sick ##### #).)# #+###...# .....?..# .......)# ......)@+
.......∩# ......### ...... ..... ..... #### Turn 5451 on D:7: lol

Levels and vault maps discovered:
D:1:      scummos_arrival_star, layout_loops_ring,
          shapermc_ecumenical_altar_pompeii
D:2:      layout_basic, hangedman_decor_growths
D:3:      layout_loops_cross, uniq_grinder
D:4:      layout_gridville, yredelemnul_altar_generic,
          nicolae_ru_the_path_less_chosen, grunt_ministairs_6
D:5:      layout_loops_cross
D:6:      layout_basic, mainiacjoe_overflow_chevrons, slow_altar_1, temple_hall,
          minmay_misc_feat_doors, moated_statue, amcnicky_mini_corridor_feature,
          kennysheep_donut, uniq_menkaure
D:7:      layout_basic, minmay_overflow_temple_star_quad, nicolae_sextant,
          minmay_shop_enchanted_jewellery
D:8:      layout_loops_ring, special_room [special_room_orc],
          amcnicky_mini_pool_small

Skill      XL: |  1  2  3  4  5  6  7  8 |
---------------+-------------------------+-----
Earth Magic    | 3 4 5 |  5.5
Unarmed Combat | 1 2 3 5 |  5.5
Transmutations | 1 2 3 |  3.0
Dodging        | 2 3 |  3.0
Invocations    | 1 2 3 |  3.4
Spellcasting   | 2 |  2.5
Fighting       | 1 |  1.3
Throwing       | 1 |  1.0
Stealth        | |  1.6
Conjurations   | |  0.2

Action                   |  1- 3 |  4- 6 |  7- 9 || total
-------------------------+-------+-------+-------++-------
Melee: Unarmed           |   122 |    68 |   143 ||   333
       Punch             |       |     1 |     1 ||     2
Throw: Dart              |     3 |     1 |     6 ||    10
       Javelin           |       |       |     1 ||     1
 Cast: Sandblast         |    34 |    31 |    21 ||    86
       Stone Arrow       |       |       |    14 ||    14
Invok: Channel Magic     |       |       |     1 ||     1
Evoke: Wand              |       |       |     1 ||     1
  Use: Scroll            |     2 |     2 |     5 ||     9
       Potion            |       |     2 |     6 ||     8
 Stab: Sleeping          |     3 |     6 |       ||     9
Armor: Robe              |    50 |    21 |    71 ||   142
Dodge: Dodged            |    65 |    39 |    99 ||   203

Table legend: (Time is in decaauts)
 A = Elapsed time spent in this place.
 B = Non-inter-level travel time spent in this place.
 C = Inter-level travel time spent in this place.
 D = Time resting spent in this place.
 E = Time spent auto-exploring this place.
 F = Levels seen in this place.
 G = Mean time per level.
                   A        B        C        D        E       F      G
               +--------+--------+--------+--------+--------+-----+--------+
         Total |   6570 |   6187 |    383 |    190 |   4858 |   8 |  821.2 |
       Dungeon |   6570 |   6187 |    383 |    190 |   4858 |   8 |  821.2 |
               +--------+--------+--------+--------+--------+-----+--------+

Top non-repeatable levels by time:
     D:6: 1149 daAuts
     D:2: 987 daAuts
     D:7: 955 daAuts
     D:5: 944 daAuts
     D:1: 834 daAuts
     D:3: 833 daAuts
     D:4: 782 daAuts
     D:8: 82 daAuts
